 Dungeon Crawl Stone Soup version 0.30-a0-1035-g38d5fb2972 (webtiles) character file.

Game seed: 15345527080173777601

71 Mesmaeker13 the Conjurer (level 3, -7/25 (29) HPs)
             Began as a Demigod Reaver on Apr 8, 2023.
             Mangled by a gnoll
             ... wielding a +0 halberd
              (11 damage)
             ... on level 2 of the Dungeon.
             The game lasted 00:05:29 (1686 turns).

Mesmaeker13 the Conjurer (Demigod Reaver)           Turns: 1686, Time: 00:05:29

HP:   -7/25 (29)    AC:  6    Str: 19    XL:     3   Next: 79%
MP:   9/9           EV: 10    Int: 19    God:
Gold: 75            SH:  0    Dex: 12    Spells: 5/6 levels left

rFire   + . .      SeeInvis .    a - +0 spear
rCold   + . .      Faith    .    (no shield)
rNeg    + . .      Spirit   .    f - +0 scale mail
rPois   .          Reflect  .    (no helmet)
rElec   .          Rampage  .    l - scarf {rC+ rF+}
rCorr   .                        (no gloves)
Will    .....                    (no boots) Stlth
                                 (no amulet)
HPRegen 0.24/turn                j - +6 ring of strength
MPRegen 0.11/turn                m - ring of positive energy

@: heavily drained
A: high MP 1, forlorn, divine attributes
a: no special abilities


You were on level 2 of the Dungeon.
You visited 1 branch of the dungeon, and saw 2 of its levels.

You collected 75 gold pieces.

Inventory:

Hand Weapons
 a - a +0 spear (weapon)
 g - a +0 dagger of electrocution
Missiles
 i - 2 poisoned darts (quivered)
Armour
 f - a +0 scale mail (worn)
 l - a scarf of resistance (worn)
 o - a +0 buckler
Magical Staves
 n - a staff of death
Jewellery
 j - a +6 ring of strength (left hand)
 m - a ring of positive energy (right hand)
Scrolls
 b - a scroll of magic mapping {unknown}
 c - a scroll of teleportation {unknown}
 e - 2 scrolls of enchant armour {unknown}
 h - 3 scrolls of enchant weapon
Potions
 d - 2 potions of curing {unknown}
 k - 2 potions of might
 p - a potion of mutation {unknown}


   Skills:
 - Level 1.7 Fighting
 + Level 3.3 Polearms
 + Level 2.0 Dodging
 - Level 2.3 Spellcasting
 + Level 3.3 Conjurations
 + Level 0.5 Necromancy


You had 5 spell levels left.
You knew the following spells:

 Your Spells              Type           Power      Damage    Failure   Level
a - Kiss of Death         Conj/Necr      36%        2d8       24%         1

Your spell library contained the following spells:

 Spells                   Type           Power      Damage    Failure   Level
 Momentum Strike          Conj/Tloc      16%        3d8       36%         2
 Apportation              Tloc           4%         N/A       47%         1
 Slow                     Hex            8%         N/A       47%         1
 Hailstorm                Conj/Ice       8%         3d4       61%         3


Dungeon Overview and Level Annotations

Branches:
Dungeon (2/15)

Shops:
D:1 =


Innate Abilities, Weirdness & Mutations

You have an increased reservoir of magic. (+10% MP)
You shall have no god before yourself.
Your divine heritage dramatically boosts your attributes as you level up.


Message History

The poisoned dart barely misses the gnoll.
The gnoll shouts!
You hear a shout!
Throw: 3 darts (poison)
Press: ? - help, Q - select action, (/) - cycle Shift-Dir - straight line, f/p - gnoll
Aim: a gnoll, wielding a +0 whip (60% to hit)
You throw a poisoned dart. The poisoned dart hits the gnoll.
The gnoll is poisoned.
A gnoll comes into view. It is wielding a +0 halberd.
You hit the gnoll.
The gnoll is moderately wounded.
The gnoll closely misses you.
You barely miss the gnoll.
The gnoll is lightly wounded.
The gnoll barely misses you.
You hit the gnoll.
The gnoll is heavily wounded.
The gnoll misses you. The gnoll closely misses you.
You hit the gnoll. Your punch misses the gnoll.
The gnoll is heavily wounded.
The gnoll hits you from afar with a +0 halberd!
The gnoll hits you with a +0 whip.
You completely miss the gnoll.
The gnoll is severely wounded.
The gnoll looks more healthy.
The gnoll completely misses you. The gnoll closely misses you.
You hit the gnoll.
The gnoll is almost dead.
The gnoll hits you with a +0 whip. The gnoll barely misses you.
You barely miss the gnoll.
The gnoll is almost dead.
The gnoll barely misses you.
The gnoll hits you from afar with a +0 halberd.
You are too injured to fight recklessly!
You closely miss the gnoll.
The gnoll is almost dead.
The gnoll hits you with a +0 whip.
* * * LOW HITPOINT WARNING * * *
The gnoll hits you from afar with a +0 halberd!
You die...

########## #g # #. .. ..# #. ..
..###### #.###.# .......) ...g
#.###### ###.#(### #.# #...#..g#
#.# #.#####g# #.######
###########...#.@.# #.......
..............#..#########.######
..................)........#
############################


You could see 2 gnolls.

Vanquished Creatures
  A gnoll (D:2)
  A worm (D:2)
  2 dart slugs (D:1)
  6 bats
  6 endoplasms
  3 giant cockroaches
  2 goblins
  5 hobgoblins
  A quokka (D:2)
  7 ball pythons (D:1)
  10 kobolds
  3 rats
47 creatures vanquished.

Notes
Turn   | Place    | Note
-------+----------+-------------------------------------------
     0 | D:1      | Mesmaeker13 the Demigod Reaver began the quest for the Orb.
     0 | D:1      | Reached XP level 1. HP: 17/17 MP: 5/5
     4 | D:1      | Got Ymyojad's Beginning Course on Witchery
   198 | D:1      | Reached XP level 2. HP: 11/17 MP: 7/7
   595 | D:1      | Reached XP level 3. HP: 4/19 MP: 6/9
   790 | D:1      | Found Itofyis's Jewellery Boutique.
  1686 | D:2      | Mangled by a gnoll

Illustrated notes

Levels and vault maps discovered:
D:1:      shiori_arrival_maze, layout_rooms, serial_shops,
          nicolae_shop_behind_doors, kennysheep_nondescript
D:2:      layout_loops_ring

Skill      XL: |  1  2  3 |
---------------+----------+-----
Spellcasting   | 2 |  2.3
Polearms       | 3 |  3.3
Conjurations   | 3 |  3.3
Dodging        | 2 |  2.0
Fighting       | |  1.7
Necromancy     | |  0.5

Action                     || total
---------------------------++-------
  Melee: Spear             ||    85
         Dagger            ||    82
  Throw: Dart              ||     7
   Cast: Kiss of Death     ||     5
    Use: Scroll            ||     3
 Armour: Leather armour    ||    28
         Scale mail        ||     8
  Dodge: Dodged            ||    82

Table legend: (Time is in decaauts)
 A = Elapsed time spent in this place.
 B = Non-inter-level travel time spent in this place.
 C = Inter-level travel time spent in this place.
 D = Time resting spent in this place.
 E = Time spent auto-exploring this place.
 F = Levels seen in this place.
 G = Mean time per level.
                   A        B        C        D        E       F      G
               +--------+--------+--------+--------+--------+-----+--------+
         Total |   1678 |   1607 |     71 |     94 |    937 |   2 |  839.0 |
       Dungeon |   1678 |   1607 |     71 |     94 |    937 |   2 |  839.0 |
               +--------+--------+--------+--------+--------+-----+--------+

Top non-repeatable levels by time:
     D:1: 1051 daAuts
     D:2: 626 daAuts
